 Dungeon Crawl Stone Soup version 0.31.0-11-ge490571c62 (webtiles) character file.

Game seed: 7408711756693656742

3862 hikkokomori the Protected (level 10, -7/73 (82) HPs)
             Began as a Formicid Fighter on Jan 31, 2024.
             Was a Follower of Okawaru.
             Killed from afar by a steam dragon (15 damage)
             ... with a ball of steam
             ... on level 7 of the Dungeon.
             The game lasted 00:09:59 (6615 turns).

hikkokomori the Protected (Formicid Fighter)        Turns: 6615, Time: 00:10:00

HP:   -7/73 (82)    AC: 11    Str: 26    XL:     10   Next: 41%
MP:   11/12         EV: 13    Int:  8    God:    Okawaru [*.....]
Gold: 425           SH:  7    Dex: 15    Spells: 9/9 levels left

rFire   . . .        o - +7 dagger "Fijehis" {flame, rN+ Str+3}
rCold   . . .        c - +0 buckler
rNeg    + . .        s - +0 acid dragon scales
rPois   .            (helmet unavailable)
rElec   .            (no cloak)
rCorr   +            (no gloves)
SInv    +            m - +0 pair of boots
Will    +....        (no amulet)
Stlth   +++          (no ring)
HPRegen 0.32/turn    (no ring)
MPRegen 0.13/turn

%: no passive effects
@: heroic, heavily drained
A: permanent stasis, dig shafts and tunnels, antennae 3, four strong arms
a: Dig, Shaft Self, Renounce Religion, Heroism


You were on level 7 of the Dungeon.
You worshipped Okawaru.
Okawaru was aware of your devotion.
You visited 2 branches of the dungeon, and saw 8 of its levels.

You collected 425 gold pieces.

Inventory:

Hand Weapons
 a - a +0 war axe
 g - a +4 shortbow
 i - the +5 dagger of Axyfre {protect, rF+ Int+6}
   (You found it on level 5 of the Dungeon)

   Int+6:     It affects your intelligence (+6).
   rF+:       It protects you from fire.
 o - the +7 dagger "Fijehis" (weapon) {flame, rN+ Str+3}
   (You found it on level 2 of the Dungeon)

   Str+3:     It affects your strength (+3).
   rN+:       It protects you from negative energy.
 x - a +1 vampiric scythe
 y - a +1 hand axe of flaming
Missiles
 n - 5 poisoned darts (quivered)
 u - a curare-tipped dart
Armour
 b - a +0 scale mail
 c - a +0 buckler (worn)
 m - a +0 pair of boots (worn)
 s - +0 acid dragon scales (worn)
 w - a +0 leather armour of poison resistance
Wands
 l - a wand of iceblast (4)
Scrolls
 h - a scroll of vulnerability
 j - a scroll of poison
 p - a scroll of noise
 r - a scroll of identify
 A - a scroll of silence
Potions
 d - a potion of might
 e - a potion of curing
 f - 3 potions of ambrosia
 k - 3 potions of lignification
 q - 2 potions of resistance {unknown}
 t - a potion of invisibility {unknown}
 v - 4 potions of enlightenment
 z - 2 potions of heal wounds {unknown}
 B - 2 potions of attraction {unknown}
 C - a potion of magic


   Skills:
 + Level 8.6(13.6) Fighting
 - Level 4.7(9.7) Short Blades
 - Level 2.3(7.3) Axes
 + Level 6.9(11.9) Throwing
 + Level 8.6(13.6) Armour
 - Level 6.5(11.5) Shields
 + Level 3.7 Invocations


You had 9 spell levels left.
You didn't know any spells.
Your spell library contained the following spells:

 Spells                   Type           Power      Damage    Failure   Level
 Cigotuvi's Dreadful Rot  Necr/Alch/Air  0%         N/A       63%         2
 Dispel Undead            Necr           0%         3d6       99%         4
 Martyr's Knell           Necr/Summ      Unusable   N/A       N/A         4
 Death Channel            Necr           Unusable   N/A       N/A         6

Dungeon Overview and Level Annotations

Branches:
Dungeon (7/15)             Temple (1/1) D:5

Altars:
Ashenzari
Cheibriados
Dithmenos
Elyvilon
Fedhas
Gozag
Hepliaklqana
Makhleb
Nemelex Xobeh
Okawaru
Qazlal
Ru
Trog
Uskayaw
Vehumet
Wu Jian
Xom
Yredelemnul
Zin
The Shining One

Shops:
D:3 (

Annotations:
D:7 Joseph


Innate Abilities, Weirdness & Mutations

You cannot be hasted, slowed, berserked, paralysed or teleported.
You can dig through walls and to a lower floor.
You have a pair of large antennae on your head. (SInv)
Your four strong arms can wield two-handed weapons with a shield.


Message History

The orc barely misses you. The iguana bites you!
* * * LOW HITPOINT WARNING * * *
The gnoll misses you.
A gnoll comes into view. It is wielding a +0 spear.
You extend your mandibles.
You dig through the rock wall.
You feel drained.
The steam dragon hisses angrily.
The iguana misses you.
You dig through the rock wall.
You feel drained.
You dig through the rock wall.
You feel drained.
You retract your mandibles.
You puncture the iguana! You burn the iguana.
The iguana is heavily wounded.
You hit the iguana. You burn the iguana.
You kill the iguana!
Okawaru accepts your kill.
You completely miss the orc.
The orc is lightly wounded.
The orc completely misses you.
You hit the orc. You burn the orc.
The orc is heavily wounded.
You hit the orc. You burn the orc.
You kill the orc!
Okawaru accepts your kill.
You hit the orc. You burn the orc.
The orc is almost dead.
You puncture the orc! You burn the orc.
You kill the orc!
Okawaru accepts your kill.
You hit the steam dragon but do no damage.
You hit the steam dragon. You burn the steam dragon.
The steam dragon is moderately wounded.
The steam dragon bites you but does no damage.
The steam dragon closely misses you.
You hit the steam dragon. You burn the steam dragon.
The steam dragon is moderately wounded.
You hit the steam dragon. You burn the steam dragon.
The steam dragon is heavily wounded.
The steam dragon breathes steam at you. The ball of steam hits you!
You die...

##....#g###.#....#...
##................#...
,.....##g.$.!##o.o....
#D....{.....oo#.#.#.
#...#.#..o#.#(#...#.
#{{.#.#.#.........
##{#{##....##.....#
#D##{.##...........
##@##.o).o..#.###.#
####†##........ ..
#......##....
##.#.#.......
#..##.#.#... ##.. ...#
#. ## ####


You could see a steam dragon (catching breath).

Vanquished Creatures
  Pikel (D:4)
  Maggie (D:6)
  Grinder (D:3)
  Sigmund (D:3)
  Eustachio (D:4)
  Menkaure (D:7)
  A water moccasin (D:7)
  4 black bears
  3 centaurs
  2 ogres
  A lemure (D:4)
  2 phantoms
  A kobold brigand (D:6)
  8 scorpions
  4 jellies
  2 quasits (D:5)
  A bombardier beetle (D:5)
  5 hounds
  2 orc priests
  2 gnoll boudas (D:5)
  2 sleepcaps
  Jessica (D:2)
  3 iguanas
  Terence (D:3)
  Natasha (thrice) (D:2)
  13 gnolls
  8 adders
  2 ufetubi (D:6)
  A dart slug (D:4)
  A ribbon worm (D:2)
  19 orcs
  6 ball pythons
  6 bats
  10 endoplasms
  4 giant cockroaches
  3 goblins
  4 hobgoblins
  7 jackals
  11 kobolds
  3 quokkas
  3 frilled lizards
  5 rats
160 creatures vanquished.

Vanquished Creatures (others)
  An arcanist (D:4)
  A sky beast (D:7)
2 creatures vanquished.

Grand Total: 162 creatures vanquished

Notes
Turn   | Place    | Note
-------+----------+-------------------------------------------
     0 | D:1      | hikkokomori the Formicid Fighter began the quest for the
                  | Orb.
     0 | D:1      | Reached XP level 1. HP: 18/18 MP: 1/1
   184 | D:1      | Reached XP level 2. HP: 19/24 MP: 2/2
   502 | D:1      | Reached XP level 3. HP: 29/29 MP: 3/3
   759 | D:2      | Noticed Jessica
   916 | D:2      | Killed Jessica
   917 | D:2      | Reached skill level 1 in Throwing
   917 | D:2      | Reached XP level 4. HP: 33/37 MP: 4/4
   934 | D:2      | Identified the +7 dagger "Fijehis" {flame, rN+ Str+3}
  1255 | D:2      | Noticed Natasha
  1260 | D:2      | Reached XP level 5. HP: 42/42 MP: 5/5
  1263 | D:2      | Killed Natasha
  1264 | D:2      | Reached skill level 5 in Shields
  1282 | D:2      | Found a faded altar of an unknown god.
  1379 | D:2      | Noticed Natasha
  1387 | D:2      | Killed Natasha
  1433 | D:2      | Noticed Natasha
  1443 | D:2      | Killed Natasha
  1742 | D:3      | Noticed Grinder
  1744 | D:3      | Noticed Terence
  1753 | D:3      | Killed Grinder
  1754 | D:3      | Reached XP level 6. HP: 43/50 MP: 6/6
  1754 | D:3      | Reached XP level 7. HP: 48/55 MP: 7/7
  1757 | D:3      | Killed Terence
  2043 | D:3      | Found Ciriz's Weapon Shoppe.
  2109 | D:3      | Reached skill level 5 in Fighting
  2109 | D:3      | Reached skill level 5 in Armour
  2111 | D:3      | Noticed Sigmund
  2118 | D:3      | Killed Sigmund
  2194 | D:3      | Found a shimmering altar of Xom.
  2491 | D:4      | Noticed Eustachio
  2541 | D:4      | Killed Eustachio
  2542 | D:4      | Reached skill level 1 in Short Blades
  2542 | D:4      | Reached XP level 8. HP: 24/64 MP: 8/8
  2898 | D:4      | Found a stormy altar of Qazlal.
  3014 | D:4      | Noticed Pikel
  3035 | D:4      | Killed Pikel
  3042 | D:4      | Reached XP level 9. HP: 41/71 MP: 9/9
  3325 | D:4      | Found a bloodstained altar of Trog.
  3326 | D:4      | Noticed a wizard
  3331 | D:4      | Killed a wizard
  3393 | D:4      | Reached skill level 5 in Throwing
  3675 | D:5      | Entered Level 5 of the Dungeon
  3871 | D:5      | HP: 3/72 [gnoll bouda/+0 club (3)]
  4451 | D:5      | Found a sparkling altar of Nemelex Xobeh.
  4487 | D:5      | Found a white marble altar of Elyvilon.
  4538 | D:5      | Identified the +5 dagger of Axyfre {protect, rF+ Int+6}
  4707 | D:5      | Found a staircase to the Ecumenical Temple.
  4808 | D:5      | Found a sacrificial altar of Ru.
  5097 | Temple   | Entered the Ecumenical Temple
  5107 | Temple   | Became a worshipper of Warmaster Okawaru
  5500 | D:6      | Noticed Maggie
  5522 | D:6      | Killed Maggie
  5522 | D:6      | Reached * piety under Okawaru
  5523 | D:6      | Reached skill level 1 in Invocations
  5523 | D:6      | Reached XP level 10. HP: 38/80 MP: 9/11
  6543 | D:7      | Noticed Menkaure
  6543 | D:7      | Noticed Joseph
  6575 | D:7      | Killed Menkaure
  6594 | D:7      | HP: 2/82 [Joseph/sling bullet (3)]
  6615 | D:7      | Killed from afar by a steam dragon

Illustrated notes

Levels and vault maps discovered:
D:1:      dpeg_arrival_solitude, layout_basic, minmay_tiny_reverse_x
D:2:      layout_basic, ebering_ecumenical_altar_webs, uniq_jessica,
          uniq_natasha
D:3:      layout_basic, lemuel_coloured_pillars_altar, serial_rivers,
          chequers_serial_rivers_marsh, chequers_serial_rivers_micro_e,
          chequers_serial_rivers_room_b, chequers_serial_rivers_small_3,
          chequers_serial_rivers_micro_a, serial_shops, shop, kennysheep_path_1,
          roderic_st_hans_cross, uniq_sigmund, uniq_terence, uniq_grinder
D:4:      layout_basic, trog_wizard, old_standard_altar, uniq_pikel,
          uniq_eustachio
D:5:      cheibrodos_quashed, layout_gridville, nicolae_ru_sacrificial_ziggurat,
          lemuel_tele_altar, nemelex_diamond_rough_becter, temple_pool_b,
          moated_statue
D:6:      layout_cave_pods, uniq_maggie
D:7:      nicolae_cairo_tiling_large_dashed, layout_rooms, serial_shops,
          nicolae_shop_real_fake_doors, mainiacjoe_ossuary_entry_dusty_tomb,
          st_stairs_10, uniq_menkaure, uniq_joseph
Temple:   nicolae_temple_two_arcs

Skill      XL: |  1  2  3  4  5  6  7  8  9 10 |
---------------+-------------------------------+-----
Throwing       | 1 2 3 4 6 |  6.9
Fighting       | 4 5 6 8 |  8.6
Armour         | 4 5 6 8 |  8.6
Shields        | 5 6 |  6.5
Short Blades   | 1 3 4 |  4.7
Invocations    | 1 3 |  3.7
Axes           | |  2.3

Action                     |  1- 3 |  4- 6 |  7- 9 | 10-12 || total
---------------------------+-------+-------+-------+-------++-------
  Melee: War axe           |    80 |       |       |       ||    80
         Dagger            |       |    51 |   340 |   138 ||   529
  Throw: Dart              |     5 |       |     1 |       ||     6
 Invoke: Heroism           |       |       |       |     2 ||     2
Ability: Dig               |     1 |       |     3 |     2 ||     6
    Use: Scroll            |     5 |       |    12 |     3 ||    20
         Potion            |       |       |     3 |     2 ||     5
 Armour: Scale mail        |    74 |    28 |   257 |       ||   359
         Acid dragon scale |       |       |       |    89 ||    89
         Skin              |       |       |       |     1 ||     1
  Dodge: Dodged            |    41 |    14 |   151 |    58 ||   264
  Block: Buckler           |    34 |     6 |   110 |    34 ||   184
